 Dungeon Crawl Stone Soup version 0.29-a0-330-g52719c12eb (webtiles) character file.

Game seed: 12427297169468407386

2815 Flugslaktarn the Stinger (level 10, -4/74 HPs)
             Began as a Human Venom Mage on Apr 12, 2022.
             Was a Follower of Sif Muna.
             Slain by a two-headed ogre
             ... wielding a +0 giant spiked club
              (12 damage)
             ... on level 9 of the Dungeon.
             The game lasted 00:27:22 (4422 turns).

Flugslaktarn the Stinger (Human Venom Mage)         Turns: 4422, Time: 00:27:22

Health: -4/74      AC:  7    Str: 10    XL:     10   Next: 2%
Magic:  15/18      EV: 13    Int: 19    God:    Sif Muna [*.....]
Gold:   359        SH:  0    Dex: 13    Spells: 1/19 levels left

rFire   . . .      SeeInvis .   x - +1 longbow (flame)
rCold   . . .      Faith    .   (shield currently unavailable)
rNeg    . . .      Spirit   .   c - +0 robe
rPois   .          Reflect  .   j - +0 helmet
rElec   .          Harm     .   C - +2 cloak
rCorr   +          Rampage  .   F - +0 pair of gloves
Will    .....                   (no boots)
Stlth   +.........              (no amulet)
HPRegen 0.22/turn               E - ring of resist corrosion
MPRegen 0.16/turn               (no ring)

@: confused, about to teleport
A: no striking features
a: Renounce Religion, Channel Magic


You were on level 9 of the Dungeon.
You worshipped Sif Muna.
Sif Muna was aware of your devotion.
You visited 2 branches of the dungeon, and saw 10 of its levels.

You collected 404 gold pieces.
You spent 45 gold pieces at shops.

Inventory:

Hand Weapons
 a - a +1 hunting sling
   (You found it on level 1 of the Dungeon)
 b - a +2 whip of electrocution
   (You took it off an orc on level 5 of the Dungeon)
 e - a +0 dagger
   (You took it off a kobold on level 3 of the Dungeon)
 k - a +0 great mace
   (You found it on level 2 of the Dungeon)
 x - a +1 longbow of flaming (weapon)
   (You found it on level 7 of the Dungeon)
 y - a +4 dagger
   (You took it off an orc wizard on level 7 of the Dungeon)
Armour
 c - a +0 robe (worn)
 j - a +0 helmet (worn)
   (You found it on level 4 of the Dungeon)
 m - a +0 kite shield
   (You found it on level 2 of the Dungeon)
 C - a +2 cloak (worn)
   (You found it on level 8 of the Dungeon)
 F - a +0 pair of gloves (worn)
   (You found it on level 8 of the Dungeon)
Magical Staves
 z - a staff of conjuration
   (You found it on level 6 of the Dungeon)
Jewellery
 o - an amulet of guardian spirit
   (You found it on level 6 of the Dungeon)
 E - a ring of resist corrosion (left hand)
   (You found it on level 5 of the Dungeon)
Wands
 l - a wand of polymorph (13)
   (You took it off a hobgoblin on level 4 of the Dungeon)
 p - a wand of iceblast (12)
   (You found it on level 4 of the Dungeon)
 B - a wand of acid (5)
   (You found it on level 7 of the Dungeon)
Scrolls
 f - 2 scrolls of amnesia
 i - 4 scrolls of magic mapping
 n - a scroll of noise
 r - 4 scrolls of identify
 t - 2 scrolls of teleportation
 v - a scroll of silence
 A - 4 scrolls of fog
 G - a scroll of vulnerability
Potions
 d - a potion of might
 g - a potion of degeneration
 h - 2 potions of haste
 q - 5 potions of curing
 s - 2 potions of magic
 u - a potion of attraction
 D - 2 potions of lignification


   Skills:
 - Level 5.0 Fighting
 - Level 4.0 Dodging
 - Level 2.0 Stealth
 + Level 5.4 Spellcasting
 - Level 3.0 Conjurations
 + Level 2.0 Hexes
 * Level 3.0 Summonings
 - Level 2.0 Transmutations
 - Level 3.0 Fire Magic
 - Level 2.0 Air Magic
 - Level 7.0 Poison Magic
 - Level 3.0 Invocations
 + Level 1.8 Evocations


You had one spell level left.
You knew the following spells:

 Your Spells              Type           Power      Damage    Failure   Level
a - Sting                 Tmut/Pois      88%        1d7       1%          1
b - Poisonous Vapours     Pois/Air       44%        N/A       2%          2
c - Mephitic Cloud        Conj/Pois/Air  20%        N/A       7%          3
d - Olgreb's Toxic Radia  Pois           31%        N/A       7%          4
e - Conjure Flame         Conj/Fire      16%        6-21      11%         3
f - Summon Mana Viper     Hex/Summ       14%        N/A       75%         5

Your spell library contained the following spells:

 Spells                   Type           Power      Damage    Failure   Level
 Foxfire                  Conj/Fire      64%        2x1d7     3%          1
 Animate Skeleton         Necr           10%        N/A       12%         1
 Pain                     Necr           20%        1d5       12%         1
 Inner Flame              Hex/Fire       14%        N/A       13%         3
 Blink                    Tloc           10%        N/A       19%         2
 Vampiric Draining        Necr           5%         2d6       34%         3
 Flame Wave               Conj/Fire      16%        2d6       34%         4
 Fulminant Prism          Conj/Hex       7%         3d7       38%         4
 Iskenderun's Mystic Bla  Conj/Tloc      10%        2d4       54%         4
 Summon Ice Beast         Ice/Summ       10%        N/A       54%         4
 Lee's Rapid Deconstruct  Erth           2%         3d6*      97%         5
 Manifold Assault         Tloc           5%         N/A       97%         5
 Monstrous Menagerie      Summ           8%         N/A       100%        7
 Storm Form               Tmut/Air       6%         N/A       100%        7


Dungeon Overview and Level Annotations

Branches:
Dungeon (9/15)             Temple (1/1) D:7            Lair (0/6) D:9
    Orc: D:9-12

Altars:
Ashenzari
Elyvilon
Fedhas
Gozag
Hepliaklqana
Makhleb
Okawaru
Qazlal
Ru
Sif Muna
Trog
Uskayaw
Vehumet
Wu Jian
Yredelemnul
Zin
The Shining One

Shops:
D:3 ?   D:4 [

Annotations:
D:3 exclusion: downstairs
D:4 2 transporters, qborf's ghost, novice DjIE
D:6 Grinder
D:9 exclusion: acid dragon


Message History

The water moccasin misses you. The water moccasin closely misses you.
Okay, then.
Aiming: Corrosive Bolt
Press: ? - help, Shift-Dir - straight line, f/p - water moccasin
Aim: a water moccasin (lightly wounded, 53% to hit)
The bolt of acid hits the water moccasin!!
The acid corrodes the water moccasin!
The water moccasin is almost dead.
The water moccasin bites you but does no damage.
The water moccasin misses you.
You shoot an arrow.
The arrow closely misses the water moccasin.
The water moccasin bites you. The water moccasin closely misses you.
Shoot: x) +1 longbow (flame)
Press: ? - help, Q - select action, (/) - cycle Shift-Dir - straight line, f/p - water moccasin
Aim: a water moccasin (almost dead, covered in acid, 38% to hit)
You shoot an arrow.
The arrow barely misses the water moccasin.
The water moccasin completely misses you.
The water moccasin misses you.
The water moccasin bites you but does no damage.
Shoot: x) +1 longbow (flame)
Press: ? - help, Q - select action, (/) - cycle Shift-Dir - straight line, f/p - water moccasin
Aim: a water moccasin (almost dead, covered in acid, 38% to hit)
You shoot an arrow.
The arrow barely misses the water moccasin.
The water moccasin bites you but does no damage.
The water moccasin closely misses you.
Shoot: x) +1 longbow (flame)
Press: ? - help, Q - select action, (/) - cycle Shift-Dir - straight line, f/p - water moccasin
Aim: a water moccasin (almost dead, covered in acid, 38% to hit)
You shoot an arrow. The arrow hits the water moccasin!
The arrow burns the water moccasin.
You kill the water moccasin!
Sif Muna accepts your kill.
You can now call upon Sif Muna for magical energy.
Your Hexes skill increases to level 2!
Your Summonings skill increases to level 3!
You have reached level 10!
There is a stone staircase leading down here.
You climb downwards.
There is a stone staircase leading up here.
Found 15 gold pieces.
You now have 359 gold pieces (gained 15).
Found a scroll of vulnerability.
Found a stone staircase leading down.
Found a stone staircase leading up.
An acid dragon comes into view.
G - a scroll of vulnerability
There are no items here.
Really walk into a travel-excluded area?
Okay, then.
There is a stone staircase leading down here.
A howler monkey, a kobold brigand, a freezing wraith and a two-headed ogre come into view.
The kobold brigand is wielding a +0 whip and quivering poisoned darts.
The howler monkey howls!
The kobold brigand shouts!
The two-headed ogre shouts in stereo!
You hear a shout!
The kobold brigand throws a poisoned dart.
The poisoned dart barely misses you.
The two-headed ogre moves out of view.
The two-headed ogre misses you.
The two-headed ogre hits you with a +0 giant club!!
Unknown command.
Unknown command.
Unknown command.
As you read the scroll of teleportation, it crumbles to dust.
You feel strangely unstable. The howler monkey closely misses you.
The two-headed ogre hits you with a +0 giant spiked club.
The two-headed ogre hits you with a +0 giant club!!
* * * LOW HITPOINT WARNING * * *
Unknown command.
Unknown command.
You feel much better. The howler monkey barely misses you.
Unknown command.
Unknown command.
Okay, then.
Casting: Olgreb's Toxic Radiance (dangerous; 7% risk of failure)
Confirm with . or Enter, or press ? or * to list all spells.
Aiming: Mephitic Cloud (dangerous; 7% risk of failure)
Press: ? - help, Shift-Dir - straight line, f - two-headed ogre
Aim: a two-headed ogre, wielding a +0 giant spiked club and a +0 giant club (chance to affect: 53%) That beam is likely to hit you.
Continue anyway?
The ball explodes into a vile cloud!
The stinking cloud engulfs the two-headed ogre but does no damage.
The stinking cloud engulfs the kobold brigand but does no damage.
The stinking cloud engulfs you but does no damage.
You are engulfed in noxious fumes.
You choke on the stench!
You are confused.
You hear a shout! x4
The howler monkey hits you.
An orc wizard comes into view. It is wielding a +0 dagger.
The two-headed ogre is engulfed in noxious fumes.
The two-headed ogre hits you with a +0 giant spiked club!
The two-headed ogre hits you with a +0 giant club!
* * * LOW HITPOINT WARNING * * *
The howler monkey barely misses you.
Unknown command.
Unknown command.
The two-headed ogre attacks as you move away!
The two-headed ogre barely misses you.
The two-headed ogre hits you with a +0 giant club!
You die...

...# #.....#.# .#.#
#...###.#
.#.###...###.#
.#..>.....<..#######.
.....................
###.#########.#####.
#.#.# #....## #.# #.#
###h#.# #. .#
#...#@.# . .
#...WO### . .# #...○K
. #..... ..#...#
#.#o### ##.. ##


You could see a two-headed ogre, a freezing wraith, a kobold brigand, a howler
monkey and an orc wizard.

Vanquished Creatures
  3 steam dragons
  Menkaure (D:5)
  3 water moccasins
  An ogre (D:4)
  A sky beast (D:7)
  2 black bears
  2 centaurs
  A kobold brigand (D:7)
  A bullfrog (D:6)
  2 scorpions (D:5)
  3 necrophages
  8 killer bees
  A howler monkey (D:6)
  3 jellies
  A crimson imp (D:7)
  4 orc priests
  A hound (D:6)
  A gnoll shaman (D:8)
  3 iguanas
  3 orc wizards
  6 gnolls
  6 adders
  A white imp (D:5)
  An ufetubus (D:7)
  4 dart slugs
  13 orcs
  3 bats
  3 endoplasms (D:4)
  A giant cockroach (D:2)
  2 goblins
  5 hobgoblins
  2 jackals (D:3)
  7 ball pythons
  A frilled lizard (D:2)
  6 kobolds
  2 rats
108 creatures vanquished.

Notes
Turn   | Place    | Note
-------+----------+-------------------------------------------
     0 | D:1      | Flugslaktarn the Human Venom Mage began the quest for the
                  | Orb.
     0 | D:1      | Reached XP level 1. HP: 13/13 MP: 3/3
   139 | D:2      | Reached XP level 2. HP: 19/19 MP: 0/5
   142 | D:2      | Learned a level 2 spell: Poisonous Vapours
   178 | D:2      | You fall into a shaft and drop 2 floors!
   299 | D:4      | Found Hili's Antique Armour Shop.
   399 | D:2      | Reached skill level 1 in Air Magic
   399 | D:2      | Reached XP level 3. HP: 13/24 MP: 1/6
   682 | D:3      | Reached XP level 4. HP: 17/30 MP: 2/7
   715 | D:3      | Noticed a sky beast
   887 | D:4      | Reached XP level 5. HP: 32/35 MP: 1/9
   890 | D:4      | Noticed an ice beast
   916 | D:4      | Noticed an ogre
   957 | D:4      | Killed an ogre
   958 | D:4      | Reached skill level 5 in Poison Magic
   958 | D:4      | Reached XP level 6. HP: 6/41 MP: 2/10
  1022 | D:4      | Found a transporter.
  1025 | D:4      | Noticed qborf's ghost (novice DjIE)
  1026 | D:4      | Noticed an ogre
  1027 | D:4      | Identified the +12 giant club "Xofisu" {pain, rElec}
  1027 | D:4      | Noticed an ogre
  1080 | D:3      | Found Woissyir's Magic Scroll Boutique.
  1089 | D:3      | Bought a scroll of magic mapping for 45 gold pieces
  1191 | D:4      | Found an iron altar of Okawaru.
  1226 | D:4      | Found a transporter.
  1478 | D:4      | Learned a level 3 spell: Mephitic Cloud
  1483 | D:4      | Learned a level 4 spell: Olgreb's Toxic Radiance
  1523 | D:4      | Found a broken altar of Ashenzari.
  1607 | D:5      | Entered Level 5 of the Dungeon
  1607 | D:5      | Noticed Menkaure
  1649 | D:4      | Reached skill level 1 in Fighting
  1649 | D:4      | Reached skill level 1 in Conjurations
  1694 | D:4      | Reached XP level 7. HP: 18/48 MP: 6/11
  1834 | D:5      | Reached skill level 6 in Poison Magic
  2436 | D:5      | Killed Menkaure
  2437 | D:5      | Reached XP level 8. HP: 15/58 MP: 12/14
  2450 | D:5      | Learned a level 3 spell: Conjure Flame
  2501 | D:5      | Reached skill level 1 in Fire Magic
  2501 | D:5      | Reached skill level 1 in Evocations
  2825 | D:6      | Noticed Grinder
  2844 | D:6      | Paralysed by Grinder for 3 turns
  2932 | D:6      | Reached XP level 9. HP: 34/65 MP: 3/15
  2986 | D:6      | Reached skill level 7 in Poison Magic
  3054 | D:6      | Paralysed by Grinder for 6 turns
  3067 | D:6      | Paralysed by Grinder for 3 turns
  3422 | D:7      | Found a staircase to the Ecumenical Temple.
  3431 | Temple   | Entered the Ecumenical Temple
  3486 | Temple   | Became a worshipper of Sif Muna the Loreminder
  3541 | D:7      | Reached skill level 5 in Spellcasting
  3554 | D:7      | Reached skill level 1 in Invocations
  3786 | D:7      | Reached skill level 5 in Fighting
  3824 | D:8      | Found a stormy altar of Qazlal.
  3853 | D:8      | Learned a level 5 spell: Summon Mana Viper
  4031 | D:8      | Reached skill level 1 in Hexes
  4031 | D:8      | Reached skill level 1 in Summonings
  4315 | D:9      | Found a staircase to the Lair.
  4322 | D:9      | Noticed a two-headed ogre
  4341 | D:8      | Reached * piety under Sif Muna
  4342 | D:8      | Reached XP level 10. HP: 49/74 MP: 11/18
  4417 | D:9      | Noticed a freezing wraith
  4417 | D:9      | Noticed a two-headed ogre
  4422 | D:9      | Slain by a two-headed ogre

Illustrated notes

Levels and vault maps discovered:
D:1:      minmay_arrival_pointy, layout_loops_corners, basic_ecumenical_altar,
          feat_on_display
D:2:      layout_rooms, hangedman_decor_opposing, chequers_arboretum
D:3:      minmay_chambers_of_threes, layout_basic, serial_shops,
          nicolae_shop_advertising_works [nicolae_subvault_shop_adworks],
          grunt_decor_cap
D:4:      layout_loops_corners, mainiacjoe_overflow_alcove_2,
          mainiacjoe_overflow_alcove_4, gammafunk_ghost_smash, serial_shops,
          shop_statue, kennysheep_crisscross
D:5:      layout_basic, water_maze_lemuel, uniq_menkaure
D:6:      layout_loops_cross, minmay_circle_x, uniq_grinder
D:7:      layout_cave_pods, lemuel_zombie_altar_kikubaaqudgha,
          minmay_temple_entry_slanted, minmay_fire_ice_demons
D:8:      layout_basic, nicolae_qazlal_eye_of_the_storm
D:9:      minmay_the_grid_3x3 [minmay_the_grid_dragon_b, minmay_the_grid_eight,
          minmay_the_grid_spin_star, minmay_the_grid_gridbox,
          minmay_the_grid_stretched_grid, minmay_the_grid_minigrid_small,
          minmay_the_grid_pillar_ring, minmay_the_grid_all_tris,
          minmay_the_grid_prize_four_corners_diamond_a], layout_loops_ring
Temple:   nicolae_temple_great_sept

Skill      XL: |  1  2  3  4  5  6  7  8  9 |
---------------+----------------------------+-----
Transmutations | 2 |  2.0
Air Magic      | 1 2 |  2.0
Spellcasting   | 3 4 5 |  5.4
Poison Magic   | 5 6 7 |  7.0
Fighting       | 1 3 4 5 |  5.0
Conjurations   | 1 2 3 |  3.0
Fire Magic     | 3 |  3.0
Evocations     | 1 |  1.8
Dodging        | 4 |  4.0
Invocations    | 3 |  3.0
Hexes          | 2 |  2.0
Summonings     | 3 |  3.0
Stealth        | |  2.0

Action                   |  1- 3 |  4- 6 |  7- 9 | 10-12 || total
-------------------------+-------+-------+-------+-------++-------
Melee: Unarmed           |       |    19 |     3 |       ||    22
 Fire: Hunting sling     |    50 |    44 |   140 |       ||   234
       Longbow           |       |       |    28 |       ||    28
 Cast: Sting             |    25 |    31 |    29 |       ||    85
       Poisonous Vapours |       |     2 |    12 |       ||    14
       Olgreb's Toxic Ra |       |     2 |    28 |       ||    30
       Mephitic Cloud    |       |     1 |     7 |     1 ||     9
       Conjure Flame     |       |       |     9 |       ||     9
Evoke: Wand              |       |     1 |     9 |       ||    10
  Use: Scroll            |     6 |     3 |     7 |     1 ||    17
       Potion            |     1 |     3 |     5 |     1 ||    10
Armor: Robe              |    10 |     5 |    36 |       ||    51
       Skin              |       |     7 |     7 |       ||    14
Dodge: Dodged            |    27 |    18 |   118 |     6 ||   169

Table legend: (Time is in decaauts)
 A = Elapsed time spent in this place.
 B = Non-inter-level travel time spent in this place.
 C = Inter-level travel time spent in this place.
 D = Time resting spent in this place.
 E = Time spent auto-exploring this place.
 F = Levels seen in this place.
 G = Mean time per level.
                   A        B        C        D        E       F      G
               +--------+--------+--------+--------+--------+-----+--------+
         Total |   4549 |   4100 |    449 |     25 |      0 |  10 |  454.9 |
       Dungeon |   4482 |   4033 |    449 |     25 |      0 |   9 |  498.0 |
        Temple |     66 |     66 |      0 |      0 |      0 |   1 |   66.0 |
               +--------+--------+--------+--------+--------+-----+--------+

Top non-repeatable levels by time:
     D:4: 1095 daAuts
     D:7: 659 daAuts
     D:6: 639 daAuts
     D:5: 615 daAuts
     D:8: 574 daAuts
     D:2: 389 daAuts
     D:3: 307 daAuts
     D:1: 144 daAuts
  Temple: 66 daAuts
     D:9: 58 daAuts
